 Dungeon Crawl Stone Soup version 0.28-a0-612-gcfc00ec14d (webtiles) character file.

Game seed: 16191102065315269869

9861 bande the Cleaver (level 11, -7/67 HPs)
             Began as a Gargoyle Fighter on Oct 5, 2021.
             Was a High Priest of Okawaru.
             Mangled by a boulder beetle (34 damage)
             ... on level 2 of the Lair of Beasts.
             The game lasted 00:23:17 (8951 turns).

bande the Cleaver (Gargoyle Fighter)                Turns: 8951, Time: 00:23:18

Health: -7/67      AC: 27    Str: 20    XL:     11   Next: 53%
Magic:  16/16      EV: 10    Int:  8    God:    Okawaru [*****.]
Gold:   866        SH:  5    Dex: 11    Spells: 10/10 levels left

rFire   . . .      SeeInvis .   a - +0 war axe
rCold   . . .      Faith    .   c - +0 buckler
rNeg    + . .      Spirit   .   x - +0 plate armour
rPois   ∞          Reflect  .   (helmet restricted)
rElec   +          Harm     .   (no cloak)
rCorr   .          Rampage  +   g - +1 pair of gloves
Will    +....      Clarity  +   e - +2 pair of boots {rampage}
Stlth   ..........              n - amulet of regeneration
HPRegen 1.21/turn               f - +4 ring of evasion
MPRegen 0.15/turn               h - ring of willpower

@: no status effects
A: sickness immunity, AC +8, negative energy resistance 1, electricity
resistance, torment resistance 1, petrification resistance, horns 2, clarity,
dopey 1
a: Renounce Religion, Heroism, Finesse, Duel


You were on level 2 of the Lair of Beasts.
You worshipped Okawaru.
Okawaru was extremely pleased with you.
You visited 3 branches of the dungeon, and saw 12 of its levels.
You also visited: Ossuary.

You collected 877 gold pieces.
You spent 11 gold pieces at shops.

Inventory:

Hand Weapons
 a - a +0 war axe (weapon)
 b - a +3 scimitar of flaming
 s - a +0 war axe
 u - a +2 vorpal flail
 I - a +5 mace of freezing
Missiles
 E - a throwing net (quivered)
Armour
 c - a +0 buckler (worn)
 d - a +0 helmet
 e - a +2 pair of boots of rampaging (worn)
 g - a +1 pair of gloves (worn)
 x - a +0 plate armour (worn)
Jewellery
 f - a +4 ring of evasion (left hand)
 h - a ring of willpower (right hand)
 n - an amulet of regeneration (around neck)
 t - a ring of positive energy
 v - a ring of protection from fire
 C - a ring of ice
 D - a ring of fire
 L - an amulet of the acrobat
Wands
 p - a wand of charming (5)
 w - a wand of polymorph (16)
 J - a wand of mindburst (7)
 K - a wand of iceblast (5)
Scrolls
 r - a scroll of fog
 y - 3 scrolls of identify
 z - 3 scrolls of teleportation
 G - a scroll of magic mapping
 H - 2 scrolls of enchant armour
Potions
 i - a potion of brilliance {unknown}
 j - 2 potions of lignification
 k - 5 potions of flight
 l - a potion of berserk rage {unknown}
 m - 3 potions of heal wounds {unknown}
 o - a potion of magic {unknown}
 q - a potion of curing
 A - a potion of mutation
 B - a potion of haste {unknown}
 F - 2 potions of attraction {unknown}


   Skills:
 + Level 7.5 Fighting
 + Level 10.4 Axes
 + Level 8.1 Armour
 - Level 1.1 Stealth
 + Level 6.8 Shields
 * Level 6.7 Invocations
 * Level 5.7 Evocations


You had 10 spell levels left.
You didn't know any spells.
Your spell library contained the following spells:

 Spells                   Type           Power      Damage    Failure   Level
 Foxfire                  Conj/Fire      0%         2x1d4     100%        1
 Conjure Flame            Conj/Fire      0%         6-21      100%        3
 Inner Flame              Hex/Fire       0%         N/A       100%        3
 Flame Wave               Conj/Fire      0%         3d3       100%        4
 Fulminant Prism          Conj/Hex       0%         3d6       100%        4
 Iskenderun's Mystic Bla  Conj/Tloc      0%         2d3       100%        4
 Fireball                 Conj/Fire      0%         3d3       100%        5
 Iskenderun's Battlesphe  Conj           0%         2d6       100%        5
 Lee's Rapid Deconstruct  Erth           0%         3d5*      100%        5
 Conjure Ball Lightning   Conj/Air       0%         3x3d6     100%        6
 Orb of Destruction       Conj           0%         N/A       100%        7


Dungeon Overview and Level Annotations

Branches:
Dungeon (9/15)             Temple (1/1) D:4            Lair (2/6) D:8
Ossuary (visited)
  Swamp: Lair:2-4    Shoals: Lair:2-4     Snake: Lair:2-4    Spider: Lair:2-4
    Orc: D:9-12

Altars:
Ashenzari
Fedhas
Makhleb
Okawaru
Qazlal
Sif Muna
Uskayaw
Wu Jian
Xom
Zin

Shops:
D:2 !

Annotations:
D:4 2 transporters


Innate Abilities, Weirdness & Mutations

You are immune to sickness and miasma.
Your stone body is resilient. (AC +8)
You are immune to poison.
You resist negative energy. (rN+)
You are resistant to electric shocks. (rElec)
You are resistant to unholy torment.
You are immune to petrification.
You have a pair of horns on your head.
You possess an exceptional clarity of mind.
You are dopey. (Int -2)


Message History

You headbutt the boulder beetle!
The boulder beetle is moderately wounded.
The boulder beetle leaps!
The boulder beetle bites you but does no damage.
The boulder beetle curls into a ball and begins rolling!
You hit the boulder beetle.
You headbutt the boulder beetle, but do no damage.
The boulder beetle is moderately wounded.
You block the boulder beetle's attack.
The boulder beetle stops rolling and uncurls.
You hit the boulder beetle but do no damage.
You headbutt the boulder beetle, but do no damage.
The boulder beetle is moderately wounded.
The boulder beetle waves its antennae.
The boulder beetle bites you!
You hit the boulder beetle but do no damage.
The boulder beetle is moderately wounded.
You block the boulder beetle's attack.
You hit the boulder beetle.
You headbutt the boulder beetle, but do no damage.
The boulder beetle is moderately wounded.
You block the boulder beetle's attack.
You hit the boulder beetle but do no damage.
The boulder beetle is moderately wounded.
You block the boulder beetle's attack.
You hit the boulder beetle but do no damage.
The boulder beetle is moderately wounded.
The boulder beetle bites you!
You hit the boulder beetle but do no damage.
The boulder beetle is moderately wounded.
The boulder beetle bites you!!
* * * LOW HITPOINT WARNING * * *
You hit the boulder beetle but do no damage.
The boulder beetle is moderately wounded.
The boulder beetle leaps!
The boulder beetle leaps!
The boulder beetle curls into a ball and begins rolling!
The boulder beetle hits you!!
Ouch! That really hurt!
You die...

# # # # ### ### # ##### #.####
##### #.###
..#.###########(#P#####P#.###..#P
.................................
..○°°.......°○○B@................
.................................
.................................
.................................
.................................
.................................
######.##..P#...P.##.#P#.P..#####
########.############P## # ## ###


You could see a boulder beetle (rolling).

Vanquished Creatures
  Erica (Lair:1)
  2 two-headed ogres
  Pikel (D:3)
  A centaur zombie (D:8)
  4 cane toads
  3 komodo dragons
  A polar bear (Lair:1)
  A hornet (D:8)
  3 yaks (D:8)
  A wyvern (Lair:2)
  5 basilisks
  Edmund (Temple)
  Duvessa (D:3)
  8 water moccasins
  A black bear (Lair:1)
  An orc warrior (D:7)
  A necrophage (D:4)
  3 ogres
  A hornet zombie (D:5)
  4 wolves (Lair:2)
  A lemure (D:3)
  A kobold brigand (D:7)
  2 bullfrogs
  Blork the orc (D:6)
  An elf zombie (Ossuary)
  A scorpion (D:5)
  A gnoll sergeant (D:7)
  Dowan (D:3)
  A water moccasin skeleton (D:5)
  6 killer bees
  5 wights (D:7)
  2 electric eels (Lair:1)
  2 hounds
  A human zombie (Ossuary)
  A bullfrog skeleton (D:6)
  4 orc priests
  A gnoll shaman (D:4)
  A centaur skeleton (D:7)
  3 iguanas
  2 mummies (Ossuary)
  Robin (D:4)
  15 gnolls
  4 adders
  A shadow imp (D:7)
  4 white imps
  An ufetubus (D:5)
  2 adder skeletons (D:4)
  2 worms (D:2)
  2 dart slugs (D:1)
  18 orcs
  5 ball pythons
  2 bats (D:1)
  4 endoplasms
  5 giant cockroaches
  4 gnoll zombies (Ossuary)
  20 goblins
  10 hobgoblins
  15 jackals
  3 quokkas
  3 frilled lizards (D:2)
  3 goblin zombies (Ossuary)
  3 hobgoblin zombies (Ossuary)
  7 kobolds
  2 orc zombies (Ossuary)
  5 rats
223 creatures vanquished.

Vanquished Creatures (others)
  11 fungi
  10 plants (Lair:1)
21 creatures vanquished.

Grand Total: 244 creatures vanquished

Notes
Turn   | Place    | Note
-------+----------+-------------------------------------------
     0 | D:1      | bande the Gargoyle Fighter began the quest for the Orb.
     0 | D:1      | Reached XP level 1. HP: 14/14 MP: 1/1
   122 | D:1      | Reached XP level 2. HP: 19/19 MP: 2/2
   351 | D:1      | Reached skill level 2 in Axes
   355 | D:1      | Reached XP level 3. HP: 24/24 MP: 3/3
  1250 | D:2      | Reached XP level 4. HP: 23/29 MP: 4/4
  1391 | D:2      | Found Bisteokh's Distillery.
  1399 | D:2      | Bought a potion of degeneration for 11 gold pieces
  1404 | D:2      | Identified a scroll of acquirement
  1404 | D:2      | Acquired a +2 pair of boots of rampaging
  1491 | D:2      | Reached skill level 1 in Stealth
  1894 | D:3      | Found a faded altar of an unknown god.
  2045 | D:3      | Gained mutation: You have a pair of small horns on your
                  | head. [potion of mutation]
  2045 | D:3      | Gained mutation: Your spells are a little harder to cast,
                  | but a little more powerful. [potion of mutation]
  2045 | D:3      | Gained mutation: You have sharp toenails. [potion of
                  | mutation]
  2046 | D:3      | Lost mutation: Your spells are a little harder to cast, but
                  | a little more powerful. [potion of mutation]
  2046 | D:3      | Lost mutation: You have sharp toenails. [potion of
                  | mutation]
  2046 | D:3      | Gained mutation: You possess an exceptional clarity of
                  | mind. [potion of mutation]
  2046 | D:3      | Gained mutation: You are dopey. (Int -2) [potion of
                  | mutation]
  2046 | D:3      | Gained mutation: You have a pair of horns on your head.
                  | [potion of mutation]
  2524 | D:4      | Noticed Duvessa
  2524 | D:4      | Noticed Dowan
  2524 | D:4      | Noticed Pikel
  2524 | D:4      | Noticed a lemure
  2524 | D:4      | Noticed a lemure
  2524 | D:4      | Noticed Robin
  2525 | D:4      | Noticed a lemure
  2527 | D:4      | Noticed a lemure
  2531 | D:3      | Reached skill level 3 in Axes
  2536 | D:3      | Killed a lemure
  2649 | D:3      | Reached XP level 5. HP: 32/33 MP: 5/5
  2659 | D:3      | Killed Pikel
  2660 | D:3      | Reached skill level 5 in Axes
  2660 | D:3      | Reached XP level 6. HP: 39/39 MP: 6/6
  2660 | D:3      | Reached XP level 7. HP: 44/44 MP: 7/7
  3137 | D:3      | Killed Dowan
  3139 | D:3      | Killed Duvessa
  3140 | D:3      | Reached skill level 5 in Armour
  3166 | D:4      | Killed Robin
  3171 | D:4      | Reached skill level 1 in Evocations
  3248 | D:4      | Found a transporter.
  3281 | D:4      | Found a staircase to the Ecumenical Temple.
  3294 | Temple   | Entered the Ecumenical Temple
  3347 | Temple   | Became a worshipper of Warmaster Okawaru
  3409 | D:4      | Noticed Edmund
  3438 | Temple   | Killed Edmund
  3439 | Temple   | Reached XP level 8. HP: 48/48 MP: 8/8
  3491 | D:4      | Reached skill level 1 in Invocations
  3545 | D:4      | Found a transporter.
  3644 | D:4      | Reached skill level 5 in Fighting
  3644 | D:4      | Reached skill level 6 in Axes
  3644 | D:4      | Reached skill level 5 in Shields
  3730 | D:4      | Reached * piety under Okawaru
  3980 | D:5      | Entered Level 5 of the Dungeon
  4126 | D:5      | Identified the +9 hunting sling of Big Damage {freeze,
                  | *Slow rPois Will- Int+8}
  4414 | D:5      | Reached skill level 7 in Axes
  4414 | D:5      | Reached XP level 9. HP: 22/54 MP: 9/11
  4994 | D:6      | You fall into a shaft and drop 3 floors!
  5035 | D:9      | Noticed a two-headed ogre
  5045 | D:9      | Killed a two-headed ogre
  5045 | D:9      | Reached ** piety under Okawaru
  5129 | D:8      | Noticed a hornet
  5136 | D:8      | Killed a hornet
  5136 | D:8      | Reached *** piety under Okawaru
  5149 | D:8      | Noticed a two-headed ogre
  5155 | D:8      | Killed a two-headed ogre
  5156 | D:8      | Reached skill level 8 in Axes
  5190 | D:8      | Reached **** piety under Okawaru
  5191 | D:8      | Reached XP level 10. HP: 60/60 MP: 13/13
  5463 | D:7      | Found a sand-covered staircase.
  5468 | Ossuary  | Entered an ossuary
  5521 | Ossuary  | Reached skill level 5 in Invocations
  5912 | D:7      | Reached skill level 9 in Axes
  6699 | D:6      | Noticed Blork the orc
  6706 | D:6      | Killed Blork the orc
  7402 | D:8      | Found a staircase to the Lair.
  7428 | D:8      | Found a glowing silver altar of Zin.
  7643 | Lair:1   | Entered Level 1 of the Lair of Beasts
  7730 | Lair:1   | Noticed a cane toad
  7739 | Lair:1   | Killed a cane toad
  7750 | Lair:1   | Noticed a cane toad
  7770 | Lair:1   | Noticed Erica
  7781 | Lair:1   | HP: 2/61 [Erica (7)]
  7784 | Lair:1   | Killed a cane toad
  7785 | Lair:1   | Reached skill level 5 in Evocations
  7800 | Lair:1   | Reached XP level 11. HP: 37/67 MP: 15/15
  7802 | Lair:1   | Killed Erica
  7802 | Lair:1   | Reached ***** piety under Okawaru
  7955 | Lair:1   | Reached skill level 10 in Axes
  8227 | Lair:1   | Identified the +6 halberd of the Nexus {venom, *Noise rN+++
                  | Str+4 Int-2} (Okawaru gifted it to you on level 1 of the
                  | Lair of Beasts)
  8227 | Lair:1   | Received a gift from Okawaru
  8893 | Lair:2   | Noticed a boulder beetle
  8951 | Lair:2   | Mangled by a boulder beetle

Illustrated notes

Levels and vault maps discovered:
D:1:      amcnicky_arrival_underground_garden, layout_loops_cross,
          chequers_serial_rivers_large_a
D:2:      layout_basic, serial_shops, nicolae_square_shop
D:3:      layout_rooms, basic_ecumenical_altar, minivault_11,
          kennysheep_minor_cross
D:4:      gammafunk_ghost_abyssal_escape, layout_rooms,
          minmay_temple_entry_junction, minmay_circle_x, uniq_edmund,
          uniq_duvessa, uniq_pikel, uniq_robin
D:5:      layout_loops_ring, serial_aquarium, aquarium_bridge_island_small
          [aquarium_subvault_small_open, aquarium_subvault_bridge,
          aquarium_subvault_bridge, aquarium_subvault_bridge,
          aquarium_subvault_balcony], aquarium_bridge_long_separate
          [aquarium_subvault_bridge, aquarium_subvault_wall,
          aquarium_subvault_wall, aquarium_subvault_bridge,
          aquarium_subvault_bridge, aquarium_subvault_bridge],
          aquarium_window_fake, aquarium_window_1, aquarium_window_1,
          aquarium_window_corridor_2, aquarium_view_2b, aquarium_balcony_5b,
          aquarium_pool_five
D:6:      layout_cave_pods, uniq_blork_the_orc
D:7:      layout_layer_cave, nicolae_ossuary_entry_false_entrances,
          grunt_decor_arrowhead
D:8:      layout_loops_cross, zin_statuary, lair_entry_dummy
D:9:      layout_basic
Temple:   minmay_crystal_snake_temple
Lair:1:   layout_roguey, grunt_megastairs_5, serial_bayou_shore_a, uniq_erica
Lair:2:   layout_big_grid

Skill      XL: |  1  2  3  4  5  6  7  8  9 10 11 |
---------------+----------------------------------+-----
Axes           | 2 3 5 7 8 9 10 | 10.4
Stealth        | 1 |  1.1
Fighting       | 4 5 6 7 |  7.5
Armour         | 4 5 6 7 8 |  8.1
Shields        | 4 5 6 |  6.8
Evocations     | 1 2 4 5 |  5.7
Invocations    | 2 4 5 6 |  6.7

Action                   |  1- 3 |  4- 6 |  7- 9 | 10-12 || total
-------------------------+-------+-------+-------+-------++-------
Melee: War axe           |   100 |   103 |   240 |   447 ||   890
       Headbutt          |       |     9 |    48 |    84 ||   141
  Use: Scroll            |       |     8 |     6 |     3 ||    17
       Potion            |       |     2 |     1 |     4 ||     7
Armor: Scale mail        |    61 |    38 |    32 |       ||   131
       Plate armour      |       |       |    53 |   338 ||   391
       Chain mail        |       |       |    22 |       ||    22
Dodge: Dodged            |    64 |    90 |   132 |   244 ||   530
Block: Buckler           |    28 |    33 |    65 |   137 ||   263

Table legend: (Time is in decaauts)
 A = Elapsed time spent in this place.
 B = Non-inter-level travel time spent in this place.
 C = Inter-level travel time spent in this place.
 D = Time resting spent in this place.
 E = Time spent auto-exploring this place.
 F = Levels seen in this place.
 G = Mean time per level.
                   A        B        C        D        E       F      G
               +--------+--------+--------+--------+--------+-----+--------+
         Total |   9132 |   8960 |    172 |    746 |   5800 |  13 |  702.5 |
       Dungeon |   7513 |   7341 |    172 |    744 |   4806 |   9 |  834.8 |
        Temple |    168 |    168 |      0 |      0 |     44 |   1 |  168.0 |
          Lair |   1327 |   1327 |      0 |      2 |    891 |   2 |  663.5 |
       Ossuary |    124 |    124 |      0 |      0 |     58 |   1 |  124.0 |
               +--------+--------+--------+--------+--------+-----+--------+

Top non-repeatable levels by time:
     D:3: 1269 daAuts
     D:7: 1068 daAuts
  Lair:1: 1018 daAuts
     D:1: 997 daAuts
     D:2: 978 daAuts
     D:8: 846 daAuts
     D:6: 799 daAuts
     D:5: 724 daAuts
     D:4: 692 daAuts
  Lair:2: 308 daAuts
  Temple: 168 daAuts
     D:9: 135 daAuts
 Ossuary: 124 daAuts
